 Dungeon Crawl Stone Soup version 0.30.0 (webtiles) character file.

Game seed: 16985330719786092675

3248 Jonnyslop the Slicer (level 9, 39/39 HPs)
             Began as a Spriggan Enchanter on Nov 21, 2023.
             Was a Follower of Dithmenos.
             Quit the game on level 7 of the Dungeon on Dec 2, 2023.
             The game lasted 00:30:17 (9612 turns).

Jonnyslop the Slicer (Spriggan Enchanter)           Turns: 9612, Time: 00:30:17

Health: 39/39      AC:  3    Str:  1 (4)  XL:     9   Next: 67%
Magic:  21/21      EV: 16    Int: 19 (21) God:    Dithmenos [*.....]
Gold:   303        SH:  0    Dex: 10 (15) Spells: 0/22 levels left

rFire   x . .        a - +1 dagger
rCold   + . .        (no shield)
rNeg    . . .        e - +1 robe {Will+}
rPois   .            (helmet restricted)
rElec   .            (no cloak)
rCorr   .            (gloves unavailable)
SInv    +            (boots unavailable)
Will    ++...        p - amulet of regeneration
Stlth   ++++         q - ring of flight
HPRegen 0.00/turn    k - ring of ice
MPRegen 0.17/turn

%: no passive effects
@: flying, inhibited regen, slowed, lost strength, wreathed by umbra, quick
A: very small, no large weapons, unfitting armour, see invisible, speed 3,
deterioration 1, frail 1
a: Renounce Religion


You were on level 7 of the Dungeon.
You worshipped Dithmenos.
Dithmenos was aware of your devotion.
You visited 2 branches of the dungeon, and saw 9 of its levels.

You collected 303 gold pieces.

Inventory:

Hand Weapons
 a - a +1 dagger (weapon)
Missiles
 j - 2 poisoned darts
Armour
 e - a +1 robe of willpower (worn)
Jewellery
 k - a ring of ice (right hand)
 p - an amulet of regeneration (around neck)
 q - a ring of flight (left hand)
Wands
 d - a wand of paralysis (17)
Scrolls
 b - 2 scrolls of identify
 h - 2 scrolls of teleportation
 o - 2 scrolls of amnesia
 u - a scroll of immolation {unknown}
 v - a scroll of magic mapping
Potions
 c - 3 potions of invisibility
 f - a potion of ambrosia
 g - 2 potions of curing
 i - 2 potions of attraction
 l - a potion of brilliance
 m - a potion of might
 n - a potion of resistance
 s - 2 potions of flight
 t - a potion of haste {unknown}


   Skills:
 + Level 3.5 Fighting
 + Level 8.7 Short Blades
 - Level 2.6 Dodging
 + Level 8.3 Stealth
 + Level 7.4 Spellcasting
 + Level 7.8 Hexes
 * Level 4.2 Ice Magic
 + Level 4.5 Air Magic
 + Level 4.9 Poison Magic
 + Level 3.9 Invocations


You couldn't memorise any spells.
You knew the following spells:

 Your Spells              Type           Power      Damage    Failure   Level
a - Ensorcelled Hibernat  Hex/Ice        88%        N/A       1%          2
b - Tukima's Dance        Hex            36%        N/A       1%          3
c - Confusing Touch       Hex            36%        N/A       1%          3
d - Poisonous Vapours     Pois/Air       50%        N/A       1%          2
e - Freezing Cloud        Conj/Ice/Air   13%        6-21      63%         5
f - Ozocubu's Refrigerat  Ice            17%        4d11      100%        7

Your spell library contained the following spells:

 Spells                   Type           Power      Damage    Failure   Level
 Ozocubu's Armour         Ice            34%        N/A       5%          3
 Dazzling Flash           Conj/Hex       42%        N/A       6%          3
 Mephitic Cloud           Conj/Pois/Air  19%        N/A       8%          3


Dungeon Overview and Level Annotations

Branches:
Dungeon (8/15)             Temple (1/1) D:5
   Lair: D:8-11

Altars:
Ashenzari
Cheibriados
Dithmenos
Elyvilon
Fedhas
Gozag
Hepliaklqana
Kikubaaqudgha
Makhleb
Nemelex Xobeh
Okawaru
Qazlal
Ru
Sif Muna
Trog
Uskayaw
Vehumet
Wu Jian
Xom
Yredelemnul
Zin
The Shining One

Shops:
D:7 =


Innate Abilities, Weirdness & Mutations

You are very small and have problems with some larger weapons.
You are too small for most types of armour.
You have supernaturally acute eyesight. (SInv)
You cover ground extremely quickly. (Speed+++)
Your body sometimes deteriorates upon taking damage.
You are frail. (-10% HP)


Message History

There is a stone staircase leading down here.
Your hands stop glowing.
The orc wizard gestures at you while chanting.
The magic dart hits you!
Your body deteriorates!
You feel weakened.
You have lost your strength.
You can move again.
The orc wizard gestures at you while chanting.
The puff of flame misses you.
There is a stone staircase leading up here.
You fly upwards.
There is a stone staircase leading down here.
Casting: Tukima's Dance (safe; 1% risk of failure)
Confirm with . or Enter, or press ? or * to list all spells.
You don't know that spell.
You fly downwards.
There is a stone staircase leading up here.
Magic restored.
There is a stone staircase leading down here.
There is a stone staircase leading up here.
d - a wand of paralysis (17) (gained 10 charges)
Found 3 scrolls of noise.
You see here 3 scrolls of noise.
v - a scroll of magic mapping Done exploring.
Done exploring.
You see here 3 scrolls of noise.
An orc wizard is nearby!
Autopickup is now off.
Autopickup is now on.
Really quaff the potion of mutation?
You feel extremely strange.
You feel stupid.
Your thinking seems confused.
You feel frail.
It was a potion of flight.
You feel more buoyant.
Are you sure you want to abandon this character and quit the game? (Confirm with "yes".)
Okay, then.
Unknown command.
Are you sure you want to abandon this character and quit the game? (Confirm with "yes".)
Okay, then.
Are you sure you want to abandon this character and quit the game? (Confirm with "yes".)

.......###......# #.#
.#######........# #.#
.#######.#.....## #.#
................# #?#
..######........# #.#
..# #.##.....#####.#
..# #....[......##.#
..# ###............#
..# #......@..####
..# ###.)..#### #.#
##....# #.# #.....#
#.## #.....## #..#
#o..##.#### ##.#
##.###....# #.#
#.###.##.#
##.#########o...###.#


You could see an orc wizard (wandering).

Vanquished Creatures
  Sigmund (D:4)
  A wyvern (D:7)
  Edmund (D:6)
  A water moccasin (D:7)
  Duvessa (D:4)
  2 black bears (D:5)
  2 ogres
  A centaur (D:6)
  3 phantoms
  6 scorpions
  Dowan (D:4)
  4 hounds
  2 sleepcaps
  An orc priest (D:4)
  A jelly (D:5)
  2 iguanas (D:5)
  5 orc wizards
  Robin (D:4)
  4 adders
  A shadow imp (D:6)
  An ufetubus (D:4)
  3 worms
  A dart slug (D:3)
  23 orcs
  11 bats
  7 endoplasms
  4 giant cockroaches
  6 hobgoblins
  8 jackals
  10 kobolds
  2 quokkas (D:4)
  3 ball pythons
  3 frilled lizards
  12 goblins
  2 rats
137 creatures vanquished.

Vanquished Creatures (others)
  A dancing weapon (D:7)
1 creature vanquished.

Grand Total: 138 creatures vanquished

Notes
Turn   | Place    | Note
-------+----------+-------------------------------------------
     0 | D:1      | Jonnyslop the Spriggan Enchanter began the quest for the
                  | Orb.
     0 | D:1      | Reached XP level 1. HP: 9/9 MP: 5/5
     4 | D:1      | Noticed an electric eel
   206 | D:1      | Reached XP level 2. HP: 11/13 MP: 6/6
   209 | D:1      | Learned a level 2 spell: Ensorcelled Hibernation
   840 | D:2      | Reached XP level 3. HP: 16/16 MP: 8/8
   844 | D:2      | Learned a level 3 spell: Confusing Touch
   848 | D:2      | Learned a level 3 spell: Tukima's Dance
  1010 | D:2      | You fall into a shaft and drop 2 floors!
  1105 | D:3      | Reached XP level 4. HP: 10/21 MP: 4/10
  3166 | D:4      | Noticed a scorpion
  3181 | D:4      | Killed a scorpion
  3182 | D:4      | Reached XP level 5. HP: 24/24 MP: 8/12
  3185 | D:4      | Learned a level 2 spell: Poisonous Vapours
  3355 | D:4      | Noticed Robin
  3521 | D:4      | Killed Robin
  4687 | D:4      | Reached skill level 5 in Hexes
  4692 | D:4      | Reached XP level 6. HP: 10/28 MP: 4/13
  4835 | D:4      | Noticed Sigmund
  4878 | D:4      | Killed Sigmund
  4879 | D:4      | Reached skill level 1 in Ice Magic
  4879 | D:4      | Reached skill level 1 in Air Magic
  4879 | D:4      | Reached skill level 1 in Poison Magic
  5044 | D:4      | Noticed Dowan
  5045 | D:4      | Noticed Duvessa
  5188 | D:4      | Killed Duvessa
  5189 | D:4      | Reached skill level 5 in Short Blades
  5189 | D:4      | Reached XP level 7. HP: 32/32 MP: 7/15
  5202 | D:4      | Killed Dowan
  5338 | D:5      | Entered Level 5 of the Dungeon
  5340 | D:5      | Reached skill level 5 in Spellcasting
  6125 | D:5      | Found a staircase to the Ecumenical Temple.
  6134 | Temple   | Entered the Ecumenical Temple
  6519 | Temple   | Became a worshipper of Dithmenos the Shadowed
  6630 | D:5      | Reached XP level 8. HP: 24/37 MP: 10/16
  6820 | D:5      | Reached XP level 9. HP: 44/44 MP: 16/20
  6828 | D:5      | Learned a level 5 spell: Freezing Cloud
  6836 | D:5      | Learned a level 7 spell: Ozocubu's Refrigeration
  7499 | D:6      | Gained mutation: You possess an exceptional clarity of
                  | mind. [potion of mutation]
  7499 | D:6      | Gained mutation: Your body sometimes deteriorates upon
                  | taking damage. [potion of mutation]
  7499 | D:6      | Gained mutation: Your mind is acute. (Int +4, Str/Dex -1)
                  | [potion of mutation]
  7503 | D:6      | HP: 2/44 [poisoned by a scorpion]
  7777 | D:6      | Noticed Edmund
  7817 | D:6      | Killed Edmund
  8791 | D:7      | Found Tyitz's Jewellery Shoppe.
  9271 | D:7      | Found a snail-covered altar of Cheibriados.
  9457 | D:7      | Reached * piety under Dithmenos
  9481 | D:7      | Lost strength.
  9610 | D:7      | Lost mutation: Your mind is acute. (Int +4, Str/Dex -1)
                  | [potion of mutation]
  9610 | D:7      | Lost mutation: You possess an exceptional clarity of mind.
                  | [potion of mutation]
  9610 | D:7      | Gained mutation: You are frail. (-10% HP) [potion of
                  | mutation]
  9612 | D:7      | Quit the game

Illustrated notes

Levels and vault maps discovered:
D:1:      arrival_aquarium_a, layout_rooms,
          wander_ebering_terrifying_dragon_lair
D:2:      layout_rooms, chequers_serial_rivers_room_b,
          amcnicky_mini_rare_corridor_liquid, minmay_misc_feat_tower
D:3:      layout_loops_ring
D:4:      layout_loops_corners, roderic_batcave, minivault_25, uniq_robin,
          uniq_sigmund, uniq_duvessa
D:5:      layout_layer_cave, minmay_temple_entry_antechambers,
          chequers_decorated_corner, chequers_serial_rivers_large_b,
          grunt_ministairs_9
D:6:      nicolae_cairo_tiling, layout_loops_ring, abandoned_shop, uniq_edmund
D:7:      hellmonk_destroyed_diamonds, layout_loops_ring, slow_altar_2,
          serial_shops, nicolae_shop_crystal
D:8:      layout_cave_pools, serial_gnoll_camp, gnoll_camp_medium_02,
          gnoll_camp_mini_hut, gnoll_camp_mini_doghouse, gnoll_camp_mini_basic,
          gnoll_camp_mini_sergeant, serial_shops, kennysheep_mini
Temple:   mainiacjoe_temple_trianglar_array

Skill      XL: |  1  2  3  4  5  6  7  8  9 |
---------------+----------------------------+-----
Short Blades   | 2 3 4 5 8 |  8.7
Spellcasting   | 3 4 5 7 |  7.4
Hexes          | 4 5 7 |  7.8
Ice Magic      | 1 3 4 |  4.2
Air Magic      | 1 2 4 |  4.5
Poison Magic   | 1 2 4 |  4.9
Fighting       | 3 |  3.5
Stealth        | 7 8 |  8.3
Invocations    | 3 |  3.9
Dodging        | |  2.6

Action                     |  1- 3 |  4- 6 |  7- 9 || total
---------------------------+-------+-------+-------++-------
  Melee: Dagger            |    57 |   172 |   167 ||   396
         Punch             |       |     1 |     3 ||     4
   Cast: Ensorcelled Hiber |    15 |    64 |    48 ||   127
         Confusing Touch   |       |     3 |     9 ||    12
         Tukima's Dance    |       |       |     3 ||     3
         Poisonous Vapours |       |       |     1 ||     1
    Use: Scroll            |     8 |     8 |     2 ||    18
         Potion            |       |     3 |     7 ||    10
   Stab: Sleeping          |    15 |    46 |    35 ||    96
         Confused          |       |     1 |     2 ||     3
 Armour: Robe              |     7 |    34 |     8 ||    49
  Dodge: Dodged            |    40 |   184 |   106 ||   330
